[Event "*** SCC Grand Prix: Titled Tuesday Blitz"]
[Site "Chess.com"]
[Date "2020.07.07"]
[Round "1"]
[White "realmadridtv"]
[Black "AlphaHero0"]
[Result "0-1"]
[WhiteElo "2459"]
[BlackElo "1960"]
[TimeControl "180+1"]
[EndTime "10:08:36 PDT"]
[Termination "AlphaHero0 won by checkmate"]

1. e4 Nc6 2. Nf3 d6 3. d4 Nf6 4. Nc3 g6 5. Be3 Ng4 6. Bg5 h6 7. Bh4 Bg7 8. Qd2 a6 9. O-O-O b5 10. h3 b4 11. Nd5 Nf6 12. Nxf6+ exf6 13. e5 dxe5 14.
dxe5 Qxd2+ 15. Rxd2 fxe5 16. Bc4 O-O 17. Re1 Bb7 18.
Rd7 Rac8 19. Bd5 Nb8 20. Bxb7 Nxd7 21. Bxc8 Rxc8 22. Bg3 Re8 23. Nd2 Nb6 24. f3 f5 25.
Bf2 Kf7 26. Bc5 a5 27. Bxb6 cxb6 28. Nc4 Re6 29. Rd1 Ke7 30. Ne3 Rd6 31. Nd5+ Ke6 32. Nc7+ Kd7 33. Rxd6+ Kxd6 34. Ne8+ Ke7 35. Nxg7 Kf7 36.
Nxf5 gxf5 37. Kd2 Ke6 38. g4 b5 39. Ke3 Kf6 40. h4 Kg6 41. Kd3 Kf6 42. a3 bxa3 43.
bxa3 e4+ 44. Ke3 exf3 45. Kxf3 fxg4+ 46. Kxg4 Kg6 47. h5+ Kf6 48. Kf4 Ke6 49. Ke4 Kd6 50. Kf5 b4 51. axb4 a4 52. Kg6 a3 53.
Kxh6 a2 54. Kg6 a1=Q 55. h6 Qg1+ 56. Kf7 Qf2+ 57. Kg7 Qg3+ 58. Kf7 Qf4+ 59. Kg7 Qg5+ 60. Kf7 Qxh6 61. c4 Qe3 62. c5+ Kc6 63. Kf6 Qd4+ 64. Ke6 Qxb4 65. Ke7 Qxc5+ 66. Kd8 Qe5 67. Kc8 Qe8# 0-1

[Event "*** SCC Grand Prix: Titled Tuesday Blitz"]
[Site "Chess.com"]
[Date "2020.07.07"]
[Round "1"]
[White "Srisshhhtea"]
[Black "Alexey_Spirin"]
[Result "1-0"]
[WhiteElo "2494"]
[BlackElo "2050"]
[TimeControl "180+1"]
[EndTime "10:08:38 PDT"]
[Termination "Srisshhhtea won by resignation"]

1. d4 Nf6 2. c4 e6 3. Nf3 b6 4. g3 Bb7 5. Bg2 c5 6. d5 exd5 7. Nh4 b5 8. cxd5 d6 9. O-O g6 10. a4 a6 11. Na3 Bg7 12. e4 O-O 13. Be3 Re8 14. Qc2 bxa4 15. h3 Nbd7 16. Nc4 Ne5 17.
Rxa4 Nxc4 18. Qxc4 Nd7 19. Qc2 a5 20. Rfa1 Ne5 21.
Nf3 Nxf3+ 22. Bxf3 Qb6 23. Bd2 Bc8 24. h4 Qxb2 25. Qxb2 Bxb2 26. Rb1 Bd4 27. Rxa5 Rxa5 28. Bxa5 Ba6 29. Bc7 Bd3 30. Rd1 Bxe4 31. Re1 f5 32.
Bxe4 fxe4 33. Bxd6 Rd8 34. Be7 Rxd5 35. Rxe4 Kf7 36. Bg5 h5 37. Re7+ Kf8 38. Rc7 Rf5 39. Bf4 Ke8 40. Kg2 Rf7 41. Rc6 Ra7 42. Rxg6 Ra2 43. Be3 Bxe3 44. Re6+ Kd7 45. Rxe3 c4 46. Rc3 Ra4 47. Kf3 Kd6 48. g4 hxg4+ 49. Kxg4 Kd5 50.
h5 Kd4 51. Rc1 c3 52. h6 Kd3+ 53. f4 Kd2 54. Rh1 c2 55. h7 Ra8 56. Kg5 c1=Q 57.
Rxc1 Kxc1 58. f5 Kd2 59. Kg6 Ke3 60. f6 Ke4 61. f7 Ke5 62. Kg7 Ke6 63. f8=Q 1-0

[Event "*** SCC Grand Prix: Titled Tuesday Blitz"]
[Site "Chess.com"]
[Date "2020.07.07"]
[Round "1"]
[White "Chuchofrio1"]
[Black "SerGo055"]
[Result "1-0"]
[WhiteElo "2227"]
[BlackElo "2546"]
[TimeControl "180+1"]
[EndTime "10:08:39 PDT"]
[Termination "Chuchofrio1 won on time"]

1. e4 d5 2. exd5 Qxd5 3. Nf3 Nf6 4. Be2 e5 5. d4 exd4 6. Qxd4 Nc6 7. Qxd5 Nxd5 8. a3 Bf5 9. Bc4 O-O-O 10. Ng5 Bg6 11. O-O h6 12. Nf3 Bxc2 13. Bxd5 Rxd5 14. Nc3 Rd7 15.
Bf4 g5 16. Bg3 Bg7 17. Rac1 Bg6 18. b4 f5 19. b5 Nd4 20. Ne5 Bxe5 21. Bxe5 Re8 22.
f4 gxf4 23. Bxf4 h5 24. h4 Bf7 25. a4 Ne2+ 26. Nxe2 Rxe2 27. Rc5 Bd5 28. Rf2 Rxf2 29. Kxf2 c6 30. bxc6 bxc6 31. g3 Rb7 32. Ra5 Rb2+ 33. Ke3 Kb7 34. Rc5 Rb3+ 35. Kd4 Rb4+ 36. Ke5 Rxa4 37.
Kxf5 a5 38. Rc3 Bf7 39. Kf6 Be8 40. Ke7 Bg6 41. Kf6 Be4 42. Kg5 Rb4 43. Kxh5 a4 44. Bd6 Rb5+ 45. Kh6 Bd5 46. Ra3 Rb3 47. Rxa4 Rd3 48.
Bf4 c5 49. Ra5 Kc6 50. h5 c4 51. Be5 Be6 52. Ra6+ Kd5 53. Bf4 c3 54. Rd6+ Kc4 55.
Rxe6 c2 56. Rc6+ Kb3 57. Rb6+ Kc3 58. Be5+ Kc4 59. Bf4 Rd5 60. Rc6+ Kd3 61. Kg6 Rd4 62. h6 Rc4 63. Rxc4 Kxc4 64. h7 Kb3 65. h8=Q Ka2 66. Qc3 c1=Q 67. Qxc1 Kb3 68. Kf5 1-0

[Event "*** SCC Grand Prix: Titled Tuesday Blitz"]
[Site "Chess.com"]
[Date "2020.07.07"]
[Round "1"]
[White "Nara_Kh"]
[Black "Rish_97"]
[Result "0-1"]
[WhiteElo "2313"]
[BlackElo "2642"]
[TimeControl "180+1"]
[EndTime "10:08:43 PDT"]
[Termination "Rish_97 won by resignation"]

1. e4 c5 2. Be2 e6 3. f4 d5 4. exd5 exd5 5. Nf3 Nf6 6. O-O Nc6 7. d4 cxd4 8. Nxd4 Bc5 9. c3 Qb6 10. Kh1 Nxd4 11.
cxd4 Bxd4 12. f5 Ne4 13. Bf4 O-O 14. Nc3 Bxc3 15. bxc3 Nf2+ 16. Rxf2 Qxf2 17. Bg3 Qxf5 18. Bf3 Be6 19. Qd4 Rfc8 20. h3 Rc4 21. Qd2 Rac8 22. Rc1 h5 23. Be2 R4c6 24. Bd3 Qf6 25. Rf1 Qxc3 26.
Qe3 Rc4 27. Be5 Re4 28. Qxe4 dxe4 29. Bxc3 exd3 30. Bd2 Rc2 31. Rd1 Bxa2 32. Be3 Bd5 33. Kg1 Rxg2+ 34. Kf1 Rg3 35. Rxd3 Bc4 36. Kf2 Bxd3 37.
Kxg3 a5 38. Bb6 a4 39. Bc5 f6 40. h4 Kf7 41. Kf4 Ke6 42. Ke3 Bh7 43. Kd4 g5 44.
hxg5 fxg5 45. Ke3 h4 46. Kf3 Kf5 47. Kg2 Bg8 48. Kh2 g4 49. Bd6 g3+ 50. Kh3 Kg5 51.
Be7+ Kh5 52. Bxh4 g2 53. Bf2 Bd5 54. Kh2 Kg4 55. Bc5 Kf3 56. Kg1 b5 57. Bb4 Ke2 58.
Bc5 Kd3 59. Bf8 Kc4 60. Kf2 b4 61. Bg7 a3 62. Bf6 b3 63. Be5 b2 0-1

[Event "*** SCC Grand Prix: Titled Tuesday Blitz"]
[Site "Chess.com"]
[Date "2020.07.07"]
[Round "1"]
[White "Pintacara"]
[Black "Nf3c5"]
[Result "1-0"]
[WhiteElo "2316"]
[BlackElo "2608"]
[TimeControl "180+1"]
[EndTime "10:08:43 PDT"]
[Termination "Pintacara won by checkmate"]

1. d4 Nf6 2. Bg5 d5 3. Bxf6 gxf6 4. e3 c5 5. Nc3 Nc6 6. dxc5 e6 7. a3 Bxc5 8. Nf3 f5 9. Bb5 Bd7 10. Bxc6 Bxc6 11. Ne5 Qf6 12. Nxc6 bxc6 13. O-O Rb8 14. Na4 Bd6 15. c4 O-O 16. f4 Kh8 17. c5 Be7 18.
b4 Qh6 19. Rf3 Rg8 20. Ra2 Rg4 21. h3 Rg6 22. Kh2 Rbg8 23. g3 Qg7 24. Rg2 h5 25.
Rf1 h4 26. Qh5+ Rh6 27. Qf3 hxg3+ 28. Rxg3 Qh7 29. Rfg1 Rhg6 30. Rxg6 fxg6 31. Nb2 g5 32.
fxg5 Bxg5 33. Nd3 Bf6 34. Rxg8+ Kxg8 35. Qg3+ Qg7 36. b5 Qxg3+ 37. Kxg3 cxb5 38. c6 Bd8 39. Nc5 Kf7 40. Na6 Ke7 41. c7 Bxc7+ 42. Nxc7 a6 43. Nxa6 Kd6 44. h4 e5 45. Nb4 Ke6 46. h5 d4 47.
exd4 exd4 48. Kf4 Kf6 49. Nd3 Ke6 50. h6 Kf6 51. h7 Kg7 52. Kxf5 Kxh7 53. Ke5 Kg6 54.
Kxd4 Kf6 55. Kc5 Ke6 56. Kxb5 Kd7 57. Kb6 Kc8 58. a4 Kb8 59. a5 Ka8 60. a6 Kb8 61. Nb4 Ka8 62. Nd5 Kb8 63. a7+ Kc8 64. a8=Q+ Kd7 65.
Qc6+ Kd8 66. Qd6+ Kc8 67. Qc7# 1-0

[Event "*** SCC Grand Prix: Titled Tuesday Blitz"]
[Site "Chess.com"]
[Date "2020.07.07"]
[Round "1"]
[White "FMKonstantin_Twitch"]
[Black "Kaua18"]
[Result "1-0"]
[WhiteElo "2564"]
[BlackElo "2211"]
[TimeControl "180+1"]
[EndTime "10:08:45 PDT"]
[Termination "FMKonstantin_Twitch won by resignation"]

1. d4 Nf6 2. Bf4 b6 3. e3 Bb7 4. Nf3 e6 5. c4 Bb4+ 6. Nc3 Ne4 7. Qb3 c5 8. a3 Bxc3+ 9. bxc3 O-O 10. Be2 Nc6 11.
O-O Na5 12. Qa2 Rc8 13. Rac1 Qe7 14. h3 Ba6 15. Rfd1 Rfd8 16. d5 Nd6 17. Bxd6 Qxd6 18. e4 Qf4 19. Bd3 e5 20. Qe2 d6 21. Rb1 Rf8 22. g3 Qh6 23. Kg2 Rce8 24. g4 Qf4 25. Nd2 g6 26. Nb3 Nxb3 27. Rxb3 f5 28. gxf5 gxf5 29. Kh1 Bc8 30. Rg1+ Kh8 31. Rb2 fxe4 32. Bxe4 Bxh3 33. f3 Rf6 34. Qh2 Qh4 35. Rg4 Qh5 36.
Rg3 Rh6 37. Kg1 Qh4 38. Rf2 Rg8 39. Rxg8+ Kxg8 40. f4 Qg4+ 41. Bg2 Bxg2 42. Rxg2 Qxg2+ 43. Qxg2+ Rg6 44. fxe5 dxe5 45. Qxg6+ hxg6 46. Kf2 Kf7 47. a4 Kf6 48. Ke3 Kf5 49. Kf3 g5 50. Kf2 e4 51.
Ke3 Ke5 52. Ke2 g4 53. Ke3 a6 54. Ke2 g3 55. Ke3 a5 56. Ke2 Kd6 57. Ke3 Ke5 58.
Ke2 g2 59. Kf2 e3+ 60. Kxg2 e2 61. Kf2 Kd6 62. Kxe2 Ke5 63. Ke3 Kd6 64. Kf4 Ke7 65. Kf5 Kd7 66. Ke5 Ke7 67. d6+ Kd7 68. Kd5 b5 69.
cxb5 1-0

[Event "*** SCC Grand Prix: Titled Tuesday Blitz"]
[Site "Chess.com"]
[Date "2020.07.07"]
[Round "1"]
[White "LaPorfia"]
[Black "Andrei_Belozerov"]
[Result "0-1"]
[WhiteElo "2223"]
[BlackElo "2571"]
[TimeControl "180+1"]
[EndTime "10:08:46 PDT"]
[Termination "Andrei_Belozerov won by checkmate"]

1. d4 d5 2. Nf3 Nf6 3. Bf4 c5 4. e3 Nc6 5. c3 Qb6 6. Qb3 c4 7. Qxb6 axb6 8. Na3 Ra5 9. Nc2 Bf5 10. Kd1 e6 11. a3 b5 12. Rc1 Ne4 13. Bg3 h5 14. Nh4 Bh7 15. f4 Be7 16. Nf3 f6 17. Nd2 Kd7 18.
Nxe4 Bxe4 19. Ne1 h4 20. Bf2 h3 21. Bg3 Bd6 22. Rg1 hxg2 23. Bxg2 Bxg2 24. Nxg2 Ne7 25. Nh4 Raa8 26. Nf3 Rh3 27. Ke2 Rah8 28. Rg2 Nf5 29. Rcg1 Bf8 30. Kf2 Nd6 31. Nd2 Ke7 32. Ke2 Kf7 33.
Kf2 R8h7 34. Ke2 Nf5 35. Kf2 Bd6 36. Nf3 R3h6 37. Ke2 Rg6 38. Kf2 Rh3 39. Nd2 Rg4 40.
Nf3 Bc7 41. Nd2 Bd8 42. Nf3 Be7 43. Nd2 Nd6 44. Kf3 Rg6 45. Kf2 Rgh6 46. Nf3 Ne4+ 47. Ke2 Bd6 48. Nd2 Nxd2 49. Kxd2 g6 50. Ke2 R6h5 51.
Kf3 Rf5 52. Ke2 Rfh5 53. Kf3 g5 54. fxg5 Rxg5 55. Kf2 Bxg3+ 56. hxg3 Kg6 57. Kf3 Kf5 58. Kf2 e5 59. Kf3 e4+ 60. Kf2 Kg4 61. Ke2 Rf5 62.
Ke1 Rf3 63. Ke2 Rfxg3 64. Rxg3+ Rxg3 65. Rf1 Rg2+ 66. Ke1 f5 67. Rf2 Rxf2 68. Kxf2 f4 69. Ke2 f3+ 70. Kf2 Kh3 71. Kf1 Kg3 72. Kg1 f2+ 73.
Kf1 Kf3 74. a4 bxa4 75. b4 cxb3 76. c4 b2 77. cxd5 b1=Q# 0-1

[Event "*** SCC Grand Prix: Titled Tuesday Blitz"]
[Site "Chess.com"]
[Date "2020.07.07"]
[Round "1"]
[White "FMOlexandrProhorov"]
[Black "binbin239"]
[Result "0-1"]
[WhiteElo "2126"]
[BlackElo "2517"]
[TimeControl "180+1"]
[EndTime "10:08:46 PDT"]
[Termination "binbin239 won on time"]

1. e4 c5 2. c3 d5 3. exd5 Qxd5 4. d4 Nc6 5. Nf3 Bg4 6. Be2 e6 7. O-O Nf6 8. h3 Bf5 9. Be3 cxd4 10. cxd4 Be7 11.
Nc3 Qd7 12. Qb3 O-O 13. Rfd1 Rac8 14. Rac1 Na5 15. Qb5 Qxb5 16. Bxb5 a6 17. Be2 h6 18. Kf1 Nc4 19. Bxc4 Rxc4 20. d5 exd5 21. Nxd5 Re4 22. Nxe7+ Rxe7 23. Bc5 Rfe8 24. Bxe7 Rxe7 25. Re1 Rd7 26.
Kg1 Be6 27. Ne5 Rd2 28. Nc4 Rd4 29. b3 b5 30. Ne3 Rd2 31. Rc2 Rd7 32. Rd1 Re7 33.
Rc6 a5 34. Rb6 b4 35. Rb5 Ne4 36. Rxa5 Nc3 37. Rd2 Rb7 38. Ra8+ Kh7 39. f4 Ne4 40. Rc2 Nc3 41. f5 Bd7 42. g4 Bb5 43. Rd8 Re7 44. Nc4 Re1+ 45. Kf2 Rh1 46. Kg3 Rg1+ 47. Kh2 Ra1 48.
a4 Bc6 49. Rd6 Be4 50. Rcd2 Rb1 51. Na5 Rh1+ 52. Kg3 Re1 53. R6d4 Ne2+ 54. Rxe2 Rxe2 55. Rxb4 Bc2 56. Rb7 f6 57. Kf3 Rh2 58. Kg3 Rd2 59.
Kf3 Bd1+ 60. Ke4 Rh2 61. b4 Rxh3 62. b5 Bf3+ 63. Kf4 Bxb7 64. Nxb7 Ra3 65. a5 h5 66. a6 h4 67. Nc5 h3 68. Ne4 h2 69. Nf2 Rb3 70. a7 Ra3 0-1

[Event "*** SCC Grand Prix: Titled Tuesday Blitz"]
[Site "Chess.com"]
[Date "2020.07.07"]
[Round "1"]
[White "EfM13"]
[Black "GothamChess"]
[Result "0-1"]
[WhiteElo "2217"]
[BlackElo "2566"]
[TimeControl "180+1"]
[EndTime "10:08:47 PDT"]
[Termination "GothamChess won by checkmate"]

1. e4 c6 2. d4 d5 3. exd5 cxd5 4. Bd3 Nc6 5. c3 g6 6. Nf3 Nh6 7. h3 Bg7 8. Qe2 O-O 9. O-O Bf5 10. Na3 Bxd3 11. Qxd3 f6 12. Re1 Nf7 13. Nc2 e5 14.
dxe5 fxe5 15. Qb5 Qd7 16. Be3 a6 17. Qb6 Nd6 18. Rad1 Nc4 19. Qc5 Rad8 20. b3 b6 21. Qxd5+ Qxd5 22. Rxd5 Rxd5 23. bxc4 Ra5 24. a3 Ra4 25.
Bxb6 Rxc4 26. Ne3 Rxc3 27. Nd5 Rb3 28. Bc5 Rd8 29. Nc7 a5 30. Ne6 Rdb8 31. Nxg7 Kxg7 32. Nxe5 Rb1 33. Nf3 Rxe1+ 34. Nxe1 Rb5 35. Be3 Rb3 36. Bc5 Rc3 37. Bd6 Rc1 38. Kf1 Kf7 39. Ke2 Ke6 40. Bf8 Ne7 41. Nd3 Ra1 42. Nc5+ Kf7 43. Bxe7 Kxe7 44.
a4 Ra3 45. f4 Rc3 46. Nb7 Rc4 47. Nxa5 Rxf4 48. Nb3 Rxa4 49. Nd2 Ra3 50. Kf2 Kf6 51. Nf3 Kf5 52. g3 Ra2+ 53. Ke3 Ra3+ 54. Kf2 Ke4 55.
Ng5+ Kf5 56. Nxh7 Ra7 57. g4+ Kf4 58. Nf8 Ra2+ 59. Ke1 Ra6 60. Kf2 g5 61. Nh7 Ra2+ 62. Kf1 Rh2 63. Kg1 Rxh3 64. Nf6 Ra3 65. Kf2 Ra2+ 66.
Kf1 Ra6 67. Kf2 Rxf6 68. Kg2 Kxg4 69. Kh2 Kf4 70. Kg2 g4 71. Kg1 Ra6 72. Kg2 Ra2+ 73. Kg1 Kf3 74. Kf1 Ra1# 0-1

[Event "*** SCC Grand Prix: Titled Tuesday Blitz"]
[Site "Chess.com"]
[Date "2020.07.07"]
[Round "1"]
[White "KobyKalavannan"]
[Black "Forantes"]
[Result "0-1"]
[WhiteElo "2626"]
[BlackElo "2329"]
[TimeControl "180+1"]
[EndTime "10:08:49 PDT"]
[Termination "Forantes won by resignation"]

1. d4 Nf6 2. c4 g6 3. Nc3 d5 4.
cxd5 Nxd5 5. Bd2 Bg7 6. e4 Nb6 7. Be3 O-O 8. h3 Nc6 9. Nf3 Re8 10. a4 a5 11. d5 Ne5 12. Nxe5 Bxe5 13. Bb5 Bd7 14. O-O Bxb5 15. axb5 Nc4 16. Qe2 Nxe3 17.
Qxe3 b6 18. f4 Bd6 19. Kh1 e5 20. f5 Bc5 21. Qf3 Qf6 22. Ne2 Rf8 23. Ng3 Qg5 24. Ne2 Qe3 25. Qg4 h5 26. Qf3 Qxf3 27. Rxf3 g5 28.
Ng3 h4 29. Ne2 f6 30. g3 hxg3 31. Nxg3 Kf7 32. Kg2 Rh8 33. Nf1 Rh4 34. Nd2 Rah8 35. Rg3 g4 36. Rh1 gxh3+ 37. Rhxh3 Rxh3 38. Rxh3 Rxh3 39. Kxh3 a4 40. Nc4 Kg7 41. Kg4 Kh6 42. Kf3 Kg5 43. Ke2 Kf4 44. Kd3 Bd4 45. d6 cxd6 46.
Nxd6 Bxb2 47. Kc2 Ba3 48. Nc4 Bc5 49. Nd2 Ke3 50. Kc3 Bd4+ 51. Kc2 a3 52. Nc4+ Kxe4 53. Nxa3 Kxf5 54. Kd3 Bc5 55. Nc4 e4+ 56. Ke2 Ke6 57. Nd2 f5 58. Nb3 Ke5 59. Kd2 Kd5 60. Kc3 f4 61.
Nd2 f3 62. Kc2 Be3 63. Nf1 Bf4 64. Kb3 Kc5 65. Kc2 Kxb5 66. Kc3 Kc5 67. Kc2 Kd4 68. Kb3 e3 69. Kb4 e2 0-1

[Event "*** SCC Grand Prix: Titled Tuesday Blitz"]
[Site "Chess.com"]
[Date "2020.07.07"]
[Round "1"]
[White "Sueetin"]
[Black "Korchmar_Vasiliy"]
[Result "1-0"]
[WhiteElo "2315"]
[BlackElo "2604"]
[TimeControl "180+1"]
[EndTime "10:08:49 PDT"]
[Termination "Sueetin won by resignation"]

1. d4 Nf6 2. c4 c6 3. Nf3 d5 4. Nc3 a6 5. cxd5 cxd5 6. Bf4 Nc6 7. e3 Bg4 8. Be2 e6 9. h3 Bh5 10. O-O Be7 11. Ne5 Bxe2 12. Qxe2 Rc8 13. Rfc1 O-O 14. Nxc6 Rxc6 15. Bg5 Nd7 16. Bxe7 Qxe7 17.
a3 Rfc8 18. Na2 Nb6 19. Rxc6 Rxc6 20. Rc1 Rxc1+ 21. Nxc1 Qc7 22. Qd2 h6 23. Nd3 Nc4 24.
Qc3 Qb6 25. a4 Kh7 26. b3 Na5 27. Nc5 Nc6 28. h4 Kg8 29. h5 Qc7 30. b4 Qb6 31.
Nd3 Ne7 32. Qc5 Qd8 33. b5 Nf5 34. bxa6 bxa6 35. Nb4 Qg5 36. Nxa6 Qxh5 37. Qc2 Qg4 38. Kf1 Nh4 39. f3 Qg5 40. Qf2 Nf5 41. Ke2 Qd8 42.
Nc5 Qb6 43. Kf1 Qb1+ 44. Qe1 Qa2 45. Qe2 Qa1+ 46. Kf2 Qa3 47. Qc2 Nd6 48. Qb3 Qa1 49. Qb8+ Kh7 50. Qxd6 Qa2+ 51. Kg3 Qb1 52. Qf4 Qg6+ 53.
Kf2 Qc2+ 54. Kg3 f6 55. Kh2 Qg6 56. Qg3 Qh5+ 57. Qh3 Qg5 58. Nxe6 Qxe3 59. Qg4 g5 60. Nf8+ Kg8 61. Ne6 Kf7 62. Qf5 Qxe6 63. Qh7+ Ke8 64. Qh8+ Ke7 65. Qxh6 Qd6+ 66. Kh3 Qf4 67. Qh7+ Ke6 68.
Qh5 Qf5+ 69. Qg4 Qxg4+ 70. Kxg4 1-0

[Event "*** SCC Grand Prix: Titled Tuesday Blitz"]
[Site "Chess.com"]
[Date "2020.07.07"]
[Round "1"]
[White "sri5996"]
[Black "Fighter008"]
[Result "1/2-1/2"]
[WhiteElo "2290"]
[BlackElo "2605"]
[TimeControl "180+1"]
[EndTime "10:08:49 PDT"]
[Termination "Game drawn - insufficient material"]

1. d4 Nf6 2. Bf4 g6 3. Nc3 d5 4.
e3 Bg7 5. h4 h6 6. Nf3 c6 7.
Ne5 Nbd7 8. Be2 Nf8 9. Qd2 Ne6 10.
Bh2 Nd7 11. e4 Nxe5 12. dxe5 d4 13. Nd1 h5 14. f4 Nc5 15. Nf2 Ne6 16. O-O-O c5 17.
Kb1 Nc7 18. g4 hxg4 19. Bxg4 Bxg4 20. Nxg4 Qd7 21. Rdg1 Rxh4 22. Qd1 O-O-O 23. Nf2 Rdh8 24. Bg3 R4h5 25. Rxh5 Rxh5 26. Rh1 Rxh1 27. Qxh1 Qe8 28. Qh7 Qh8 29. Qxh8+ Bxh8 30. Kc1 Kd7 31. Kd2 Kc6 32.
b3 b5 33. Bh4 f6 34. exf6 exf6 35. Ng4 Ne6 36. Bxf6 Bxf6 37. Nxf6 Nxf4 38. Ng4 Kd6 39.
c3 Ne6 40. Kd3 a5 41. cxd4 Nxd4 42. Ne3 Ke5 43. Nd1 g5 44. Nc3 g4 45. Ke3 Nc2+ 46.
Kf2 Nd4 47. Kg3 b4 48. Na4 Ne6 49. Kxg4 Kxe4 50. Kg3 Kd3 51. Kg4 Kc2 52. Kf5 Nd4+ 53. Ke5 Nxb3 54. axb3 Kxb3 55. Nxc5+ Kc4 56. Na4 Kb5 57.
Nb2 b3 58. Kd4 Kb4 59. Kd3 a4 60. Kd2 a3 61. Kc1 Kc3 62. Nd1+ Kd3 63. Kb1 Kd2 64.
Nf2 a2+ 65. Kb2 Ke2 66. Ne4 Kd3 67. Nc5+ Kc4 68. Nxb3 a1=Q+ 69. Nxa1 1/2-1/2

[Event "*** SCC Grand Prix: Titled Tuesday Blitz"]
[Site "Chess.com"]
[Date "2020.07.07"]
[Round "1"]
[White "swimmerchess"]
[Black "zajka-molotok"]
[Result "1-0"]
[WhiteElo "2799"]
[BlackElo "2417"]
[TimeControl "180+1"]
[EndTime "10:08:52 PDT"]
[Termination "swimmerchess won by resignation"]

1. e4 d6 2. d4 Nf6 3. Nc3 g6 4. f4 Bg7 5. Nf3 Nc6 6. e5 dxe5 7. fxe5 Nd5 8. Bc4 Be6 9. Bb3 Qd7 10. O-O O-O 11. Ne4 Bf5 12. Nc5 Qd8 13. Nxb7 Qb8 14. Bxd5 Qxb7 15. Nh4 e6 16. Nxf5 gxf5 17. Bf3 Qb6 18.
c3 Rad8 19. Qb3 Nxe5 20. Be2 Ng6 21. Be3 Ne7 22. Bg5 Rd7 23. Rae1 Nd5 24. Qc2 Rb8 25. Bc1 Qa5 26. b4 Qb6 27. Kh1 Qc6 28. Rf3 Nxb4 29. Qb3 Na6 30. Qc2 Rb6 31. Bd3 Nb4 32. cxb4 Qxc2 33. Bxc2 Rxb4 34. Be3 Bxd4 35. Bxd4 Rbxd4 36. Bb3 Rd2 37. h3 Kf8 38. Rc1 a5 39. Rfc3 Rf2 40.
R1c2 Rd1+ 41. Kh2 Rxc2 42. Rxc2 Rd7 43. Rc5 Ke7 44. Rxa5 Rd4 45. Rb5 Kd6 46. a4 c5 47.
a5 Kc6 48. Rb6+ Kc7 49. Rb5 c4 50. Rc5+ Kb7 51. Rxc4 Rd3 52. Ba4 Ka6 53. Be8 f6 54. Rc6+ Kxa5 55. Rxe6 f4 56. Rxf6 Rd8 57. Bh5 Rd4 58.
Bf3 Kb4 59. Rf7 h5 60. Bxh5 Kc5 61. Bf3 Kd6 62. h4 Ke5 63. h5 Rd6 64. Kh3 Ke6 65.
Rg7 Ke5 66. Kh4 Rf6 67. Kg5 Rf8 68. h6 Rf5+ 69. Kg4 Rf6 70. h7 Rh6 71. Rg5+ Kf6 72. Rh5 Rxh5 73. Kxh5 Kg7 74. Kg5 Kxh7 75. Kxf4 Kg7 76.
g4 Kf6 77. Be4 Kg7 78. g5 1-0

[Event "*** SCC Grand Prix: Titled Tuesday Blitz"]
[Site "Chess.com"]
[Date "2020.07.07"]
[Round "1"]
[White "Onegust"]
[Black "VALPARAISO37"]
[Result "1-0"]
[WhiteElo "2618"]
[BlackElo "2293"]
[TimeControl "180+1"]
[EndTime "10:08:58 PDT"]
[Termination "Onegust won on time"]

1. e4 e5 2. Nf3 Nc6 3. Bb5 a6 4. Ba4 Nf6 5. O-O Bc5 6. c3 b5 7. Bc2 d6 8. a4 Bb7 9. d4 Bb6 10. Na3 O-O 11. Bg5 exd4 12. cxd4 Nb4 13. e5 dxe5 14. dxe5 Qxd1 15. Bxd1 Ne4 16. Be7 Nd3 17. Bxf8 Ndxf2 18. a5 Ba7 19. Bc2 Nh3+ 20. Kh1 Nef2+ 21. Rxf2 Nxf2+ 22. Kg1 Rxf8 23. Kf1 Ng4 24. Bb3 Bxf3 25.
gxf3 Nxe5 26. Kg2 Nd3 27. Rd1 Nxb2 28. Rd2 Bc5 29. Nxb5 axb5 30. Rxb2 Ra8 31. Ra2 c6 32. a6 Kf8 33. Rc2 Bd6 34. Rxc6 Ke7 35. Bd5 Ra7 36. Rb6 b4 37. h3 f5 38. Kf1 g5 39. Ke2 h5 40. Bb7 Ke6 41. Rb5 Kf6 42. Kd3 g4 43.
hxg4 hxg4 44. fxg4 fxg4 45. Rh5 g3 46. Rh6+ Ke7 47.
Rg6 Kd7 48. Kc4 Ke7 49. Kd5 Bb8 50. Rg7+ Kf6 51. Rg8 Bf4 52. Ke4 Bd6 53. Kd5 Kf7 54. Rg4 Ke7 55. Re4+ Kd7 56. Rh4 g2 57. Rg4 Kc7 58.
Rxg2 Bf8 59. Rg8 Be7 60. Rg7 Kd7 61. Kc4 1-0

[Event "*** SCC Grand Prix: Titled Tuesday Blitz"]
[Site "Chess.com"]
[Date "2020.07.07"]
[Round "1"]
[White "Chessmasterzt"]
[Black "Varshi_chess"]
[Result "1-0"]
[WhiteElo "2603"]
[BlackElo "2270"]
[TimeControl "180+1"]
[EndTime "10:09:02 PDT"]
[Termination "Chessmasterzt won on time"]

1. d4 d5 2. Nf3 Nf6 3. c4 e6 4. Nc3 Be7 5. g3 O-O 6. Bg2 b6 7. cxd5 exd5 8. O-O Bb7 9. Qb3 Nbd7 10. Bf4 c5 11.
dxc5 Nxc5 12. Qd1 Rc8 13. Rc1 Nfe4 14. Be5 Re8 15. Bh3 Ra8 16. Bd4 Bf6 17. Nb5 a6 18.
Bxf6 Nxf6 19. Nbd4 Nfe4 20. b4 Ne6 21. Nxe6 fxe6 22.
Qd4 Rc8 23. Bg2 Qd6 24. a3 e5 25. Rxc8 Bxc8 26. Qe3 Bb7 27. Nd2 Nf6 28. Nc4 dxc4 29. Bxb7 b5 30. Qc1 Rd8 31. a4 h6 32. axb5 axb5 33. Qb2 e4 34. Ra1 Qd4 35. Qxd4 Rxd4 36. Ra5 c3 37. Ra2 Rxb4 38. Rc2 Rc4 39. Ba6 Rc5 40.
Bxb5 Rxb5 41. Rxc3 Kf7 42. Kg2 Ke6 43. h3 Rb7 44. Rc6+ Ke5 45. Ra6 Nd5 46. Rg6 e3 47. f4+ Kd4 48. Re6 Kc3 49. Kf3 Kd2 50. Rd6 Rb5 51.
Rd7 Rc5 52. Rxg7 Ke1 53. g4 Rc4 54. Rd7 Rxf4+ 55. Kg2 Rf2+ 56. Kg3 Nc3 57. Re7 Kxe2 58. h4 Nd5 59. Re5 Nf4 60. g5 hxg5 61. hxg5 Nh5+ 62. Kg4 Nf4 63. Re7 Nd3 64. g6 Rg2+ 65. Kf5 Kf2 66. g7 e2 67. Kf6 e1=Q 68. Rxe1 Kxe1 69. g8=Q 1-0

[Event "*** SCC Grand Prix: Titled Tuesday Blitz"]
[Site "Chess.com"]
[Date "2020.07.07"]
[Round "1"]
[White "MestreSoares"]
[Black "PotapovaM"]
[Result "0-1"]
[WhiteElo "2111"]
[BlackElo "2510"]
[TimeControl "180+1"]
[EndTime "10:09:03 PDT"]
[Termination "PotapovaM won on time"]

1. Nf3 d5 2. b3 Nf6 3. Bb2 b6 4. e3 Bb7 5. Be2 e6 6. O-O Be7 7. d4 O-O 8. c4 c5 9. dxc5 Bxc5 10.
cxd5 Nxd5 11. Nc3 Nf6 12. Qxd8 Rxd8 13. Rfd1 Nc6 14. a3 Kf8 15. b4 Be7 16. Kf1 Rac8 17.
Rxd8+ Rxd8 18. Rd1 Rc8 19. Nb5 Ba6 20. Nbd4 Bxe2+ 21. Kxe2 Ke8 22. Rc1 Nxd4+ 23. Nxd4 Rxc1 24. Bxc1 Kd7 25. f3 g6 26. Kd3 e5 27. Nb5 a6 28.
Nc3 Kc6 29. Kc4 Ne8 30. e4 Nd6+ 31. Kb3 Bd8 32. Be3 f5 33. a4 f4 34. Bf2 g5 35.
h3 h5 36. Nd5 g4 37. hxg4 hxg4 38. Be1 g3 39. Bd2 Bg5 40. Bc1 Bh6 41. Bb2 Nf7 42. Kc4 b5+ 43. axb5+ axb5+ 44. Kd3 Bf8 45. Bc3 Bd6 46.
Bd2 Ng5 47. Ke2 Ne6 48. Bc3 Kd7 49. Nf6+ Ke7 50. Nd5+ Kf7 51. Bd2 Nd4+ 52. Kf1 Ke6 53. Bc3 Nc2 54. Bd2 Na3 55. Ke2 Nc4 56. Bc3 Bb8 57. Kd3 Ba7 58. Bd2 Nd6 59. Bxf4 exf4 60.
Nxf4+ Kd7 61. Nd5 Bf2 62. f4 Ke6 63. Nc7+ Kd7 64. Nd5 Nc4 65. e5 Ke6 66. Nc7+ Kf5 67. Nxb5 Nb2+ 68. Kc2 Na4 69. Kb3 Nb6 70. Nd6+ Kxf4 71.
b5 Kxe5 72. Nc4+ Nxc4 73. Kxc4 Kf4 74. Kd3 Kf5 75. Ke2 Kg4 76. Kd3 Bb6 0-1

[Event "*** SCC Grand Prix: Titled Tuesday Blitz"]
[Site "Chess.com"]
[Date "2020.07.07"]
[Round "1"]
[White "angryhorse9"]
[Black "OK97"]
[Result "0-1"]
[WhiteElo "2403"]
[BlackElo "2754"]
[TimeControl "180+1"]
[EndTime "10:09:05 PDT"]
[Termination "OK97 won by checkmate"]

1. e4 g6 2. d4 Bg7 3. Nc3 d6 4. f4 Nf6 5. Nf3 O-O 6. Bd3 Nc6 7.
d5 Nb4 8. O-O c6 9. dxc6 bxc6 10. Be2 Qb6+ 11. Kh1 Ng4 12. a3 Na6 13. Qe1 Ne3 14.
Bxe3 Qxe3 15. e5 Qxf4 16. exd6 exd6 17. Rd1 d5 18. Nd4 Qd6 19. Bf3 Bd7 20. Qh4 Nc5 21. Nce2 Rab8 22. b4 Ne6 23. c4 Rfe8 24. Nxc6 Qxc6 25.
cxd5 Qb6 26. dxe6 Bxe6 27. Nf4 Bb3 28. Bd5 Bxd5 29. Nxd5 Qb7 30. Nf6+ Bxf6 31. Qxf6 Rbc8 32. Rd2 Re6 33. Qf4 Qe7 34. Rdf2 f5 35. h3 Re4 36.
Qf3 Re8 37. Qb3+ Kg7 38. Qc3+ Kg8 39. Qb3+ Kg7 40. Qb2+ Qe5 41. Qc2 Re3 42. Qc6 Rxa3 43. Qb7+ Re7 44. Qc6 Ra1 45. b5 Rxf1+ 46. Rxf1 Kh6 47.
Rc1 Qe3 48. Qc4 f4 49. Rf1 Re4 50. Qc6 Qe2 51. Qc1 Qe3 52. Qb1 Re5 53. Qa1 Rf5 54. Qd1 Qg3 55. Rf3 Qg5 56. Qd6 Qf6 57. Qd7 Re5 58.
Kh2 Re1 59. Qd2 Qa1 60. g3 Rh1+ 61. Kg2 Qg1# 0-1